 Dungeon Crawl Stone Soup version 0.17-a0-1373-g64d4c99 (webtiles) character file.

325 hoolish the Poker (level 6, 0/48 HPs)
             Began as a Demonspawn Gladiator on June 13, 2015.
             Was an Initiate of Gozag.
             Slain by Grinder (5 damage)
             ... in a sewer.
             The game lasted 00:20:07 (2634 turns).

hoolish the Poker (Demonspawn Gladiator)            Turns: 2634, Time: 00:20:08

Health: 0/48       AC:  9    Str: 16      XL:     6   Next: 24%
Magic:  0/6        EV: 13    Int:  9 (15) God:    Gozag
Gold:   414        SH:  0    Dex: 14      Spells: 0 memorised, 5 levels left

rFire  . . .     SeeInvis .     y - +2 trident (vamp)
rCold  . . .     Clarity  .     b - +0 leather armour
rNeg   . . .     SustAt   .     (no shield)
rPois  .         Gourm    .     c - +0 helmet
rElec  .         Spirit   +     k - +0 cloak
rCorr  .         Warding  .     (no gloves)
rMut   .         Stasis   .     (no boots)
MR     .....                    (no amulet)
Stlth  +.........               (no ring)
                                w - +6 ring of intelligence

@: not resistant to hostile enchantments, very unstealthy
A: hooves 1, rough black scales 1, magic shield, rot immunity
a: Potion Petition, Call Merchant, Bribe Branch, Renounce Religion


You were in a sewer.
You worshipped Gozag.
Gozag was noncommittal.
You were not hungry.

You visited 1 branch of the dungeon, and saw 3 of its levels.
You also visited: Sewer.

You collected 449 gold pieces.
You paid 35 gold pieces to Gozag.

Inventory:

Hand weapons
 a - a +0 trident
 h - a +0 spear
 i - a +0 club
 y - a +2 vampiric trident (weapon)
 B - a +0 blowgun
Missiles
 d - 4 throwing nets (quivered)
 g - 31 stones
 A - 11 poisoned needles
Armour
 b - a +0 leather armour (worn)
 c - a +0 helmet (worn)
 k - a +0 cloak (worn)
Jewellery
 s - an uncursed amulet of faith
 w - a +6 ring of intelligence (left hand)
Magical devices
 p - a wand of enslavement (7)
Scrolls
 j - 2 scrolls of identify
 l - a scroll of blinking {unknown}
 m - a scroll of fog {unknown}
 n - a scroll of enchant armour {unknown}
 o - 2 scrolls of magic mapping {unknown}
 u - a scroll of teleportation {unknown}
 v - a scroll of enchant weapon {unknown}
 x - a scroll of noise {unknown}
Potions
 f - a potion of invisibility {unknown}
 q - a potion of mutation {unknown}
 r - a potion of magic {unknown}
 z - a potion of curing {unknown}
Comestibles
 e - a bread ration
 t - 6 fruits


   Skills:
 + Level 3.7 Fighting
 + Level 4.4 Polearms
 - Level 2.0 Throwing
 + Level 4.2 Dodging
 - Level 0.6 Stealth


You had 5 spell levels left.
You didn't know any spells.

Dungeon Overview and Level Annotations

Branches:
Dungeon (3/15)

Altars:
Gozag
Sif Muna
The Shining One

Annotations:
Sewer Grinder


Innate Abilities, Weirdness & Mutations

You have large cloven feet.
You are partially covered in rough black scales (AC +4, Dex -1).
When hurt, damage is shared between your health and your magic reserves.
You are immune to rotting.


Message History

Evoke which item? (* to show all) (? for menu, Esc to quit)
Zapping:
p - a wand of enslavement (will waste charges)
Press: ? - help, Shift-Dir - straight line, f - Grinder
Aim: Grinder (heavily wounded, chance to defeat MR: 46%) Grinder resists with some effort.
Evoking this partially-identified wand wasted a few charges.
Grinder hits you!
* * * LOW HITPOINT WARNING * * *
You writhe in agony.
* * * LOW HITPOINT WARNING * * *
You hit Grinder. You kick Grinder, but do no damage.
Grinder is heavily wounded.
Grinder closely misses you.
You hit Grinder. You kick Grinder, but do no damage.
Grinder is severely wounded.
Grinder hits you.
* * * LOW HITPOINT WARNING * * *
You writhe in agony.
You die...
Your body crumbles into a pile of gold.

≈≈≈≈≈≈≈≈≈≈≈≈≈≈.#.≈≈#
≈≈≈≈≈≈≈≈≈≈≈≈≈..#..≈# #+++#
≈≈≈≈≈≈≈≈≈≈≈≈...#..≈###...##
##≈##≈##≈###.####.###..§..##
≈..........≈.≈≈#...#.....§.+
)≈≈≈≈≈≈≈≈≈≈.≈≈≈≈≈..'.§._...+
≈............≈≈#...#.....§.+
###≈#≈≈###≈#.####5###5.§..##
≈≈≈≈≈≈≈≈≈≈≈...#@)≈###5..##
≈≈≈≈≈≈≈≈≈≈≈≈...#.≈≈# #§'K#
≈≈≈≈≈≈≈≈≈≈≈≈≈..#..≈# .....#
≈≈≈≈≈≈≈≈≈≈≈≈≈≈.#.≈≈##.§§≈.#
≈≈≈≈≈≈≈≈≈.#.≈≈##.....#
≈≈≈≈≈≈≈≈≈)).≈≈###...##
#################.## #[??#
≈≈≈≈≈≈≈≈≈≈≈≈≈≈≈#...# ##[##
≈≈≈≈≈≈≈≈≈≈≈≈≈≈..≈.≈#


You could see Grinder.

Vanquished Creatures
  A big kobold (Sewer)
  An orc wizard (D:3)
  Natasha (D:3)
  9 adders
  2 river rats (D:3)
  4 ufetubi (Sewer)
  An ooze (D:1)
  A worm (D:3)
  5 orcs (D:3)
  2 ball pythons
  12 bats
  5 hobgoblins
  A quokka (D:3)
  8 giant cockroaches
  2 giant newts (D:2)
  11 goblins
  13 kobolds
  A kobold zombie (Sewer)
  11 rats
91 creatures vanquished.

Notes
Turn   | Place    | Note
--------------------------------------------------------------
     0 | D:1      | hoolish the Demonspawn Gladiator began the quest for the Orb.
     0 | D:1      | Reached XP level 1. HP: 16/16 MP: 1/1
   174 | D:1      | Gained mutation: You are partially covered in rough black scales (AC +4, Dex -1). [demonic ancestry]
   174 | D:1      | Reached XP level 2. HP: 20/22 MP: 2/2
   518 | D:1      | Reached skill level 3 in Polearms
   675 | D:2      | Gained mutation: You are immune to rotting. [demonic ancestry]
   675 | D:2      | Reached XP level 3. HP: 28/28 MP: 3/3
   706 | D:2      | Found a faded altar to an unknown god.
   715 | D:2      | Became a worshipper of Sif Muna the Loreminder
   715 | D:2      | Acquired Sif Muna's first power
   814 | D:2      | Fell from the grace of Sif Muna
   866 | D:2      | Found a glowing golden altar of the Shining One.
  1457 | D:2      | Reached XP level 4. HP: 32/34 MP: 4/4
  1498 | D:2      | Found an opulent altar of Gozag.
  1514 | D:2      | Became a worshipper of Gozag Ym Sagoz the Greedy
  2038 | D:3      | Noticed Natasha
  2088 | D:3      | Killed Natasha
  2088 | D:3      | Gained mutation: You have large cloven feet. [demonic ancestry]
  2088 | D:3      | Reached XP level 5. HP: 41/41 MP: 5/5
  2335 | D:3      | Found a glowing drain.
  2345 | D:3      | Reached skill level 4 in Polearms
  2359 | Sewer    | Entered a sewer
  2559 | Sewer    | Found a burning altar of Makhleb.
  2588 | Sewer    | Gained mutation: When hurt, damage is shared between your health and your magic reserves. [demonic ancestry]
  2588 | Sewer    | Reached XP level 6. HP: 41/48 MP: 6/6
  2607 | Sewer    | Noticed Grinder
  2634 | Sewer    | Slain by Grinder

Vault maps used:
D:1:      lemuel_arrival_room
D:2:      kennysheep_six_static_rooms, lemuel_crystal_altar, ecumenical_altar_2,
          grunt_gozag_breadcrumbs
D:3:      nemelex_altar_shiori, portal_sewer_entry_b, first_bread, uniq_natasha
Sewer:    kennysheep_sewer_church

Action                   |  1- 3 |  4- 6 || total
-------------------------+-------+-------++-------
Melee: Trident           |   122 |   239 ||   361
Throw: Throwing net      |     1 |       ||     1
Invok: Renounce Religion |     1 |       ||     1
       Potion Petition   |       |     1 ||     1
Evoke: Wand              |       |     1 ||     1
  Use: Scroll            |       |     3 ||     3
       Potion            |       |     1 ||     1
 Stab: Sleeping          |     5 |     1 ||     6
       Distracted        |       |     1 ||     1
  Eat: Chunk             |     2 |     1 ||     3
       Fruit             |       |     1 ||     1
       Bread ration      |       |     2 ||     2
